 Dungeon Crawl Stone Soup version 0.22-a0-565-gfc6459a (webtiles) character file.

1316 galech the Skirmisher (level 8, -6/87 HPs)
             Began as an Ogre Berserker on June 28, 2018.
             Was an Elder of Trog.
             Mangled by a gnoll
             ... wielding a +0 halberd
              (14 damage)
             ... on level 6 of the Dungeon.
             The game lasted 00:08:27 (7134 turns).

galech the Skirmisher (Ogre Berserker)              Turns: 7134, Time: 00:08:28

Health: -6/87      AC:  5    Str: 27    XL:     8   Next: 59%
Magic:  8/8        EV: 11    Int:  8    God:    Trog [****..]
Gold:   223        SH:  0    Dex:  8    Spells: 7/7 levels left

rFire    + . .     SeeInvis .   s - +0 whip (pain)
rCold    . . .     Gourm    .   (no shield)
rNeg     . . .     Faith    .   y - +2 robe {rF+}
rPois    +         Spirit   .   (helmet restricted)
rElec    .         Reflect  .   (no cloak)
rCorr    .         Harm     .   (gloves unavailable)
MR       .....                  (boots unavailable)
Stlth    ++........             (no amulet)
HPRegen  0.24/turn              e - ring of poison resistance
MPRegen  0.11/turn              t - +3 ring of strength

@: lethally poisoned (-6 -> -12), berserk cooldown, slowed, very slow
A: large, unfitting armour, tough skin 1
a: Berserk, Trog's Hand, Brothers in Arms, Renounce Religion


You were on level 6 of the Dungeon.
You worshipped Trog.
Trog was greatly pleased with you.
You were hungry.

You visited 1 branch of the dungeon, and saw 6 of its levels.

You collected 223 gold pieces.

Inventory:

Hand Weapons
 a - a +0 mace
 s - a +0 whip of pain (weapon)
Armour
 y - a +2 robe of fire resistance (worn)
Jewellery
 e - a ring of poison resistance (left hand)
 t - a +3 ring of strength (right hand)
Scrolls
 f - a scroll of remove curse {unknown}
 g - 2 scrolls of amnesia {unknown}
 h - a scroll of fog {unknown}
 i - 6 scrolls of identify {unknown}
 l - 2 scrolls of immolation {unknown}
 m - 3 scrolls of teleportation {unknown}
 n - a scroll of random uselessness {unknown}
 p - a scroll of magic mapping {unknown}
 q - a scroll of blinking {unknown}
 u - a scroll of enchant armour {unknown}
 x - 2 scrolls of fear {unknown}
Potions
 d - a potion of brilliance {unknown}
 j - 2 potions of haste {unknown}
 k - a potion of lignification {unknown}
 o - a potion of heal wounds {unknown}
 r - a potion of flight {unknown}
 v - a potion of mutation {unknown}
 w - a potion of magic {unknown}
Comestibles
 c - 15 rations


   Skills:
 + Level 7.4 Fighting
 + Level 6.8 Maces & Flails
 + Level 5.2 Dodging
 + Level 2.2 Stealth


You had 7 spell levels left.
You didn't know any spells.
Your spell library was empty.

Dungeon Overview and Level Annotations

Branches:
Dungeon (6/15)             Temple (0/1) D:4

Altars:
Ashenzari
Fedhas
Gozag
Hepliaklqana
Nemelex Xobeh
Qazlal
Vehumet

Annotations:
D:5 3 runed doors, EnegeticOcto's ghost, novice OpEn


Innate Abilities, Weirdness & Mutations

You are too large for most types of armour.
You have tough skin. (AC +1)


Message History

You are exhausted.
You feel yourself slow down.
You feel sick.
The gnoll hits you from afar with a halberd!
The gnoll hits you with a whip.
* * * LOW HITPOINT WARNING * * *
Things that are here:
an enchanted spear; a gnoll corpse You closely miss the gnoll.
You feel sick.
The gnoll hits you from afar with a halberd.
* * * LOW HITPOINT WARNING * * *
The gnoll hits you with a whip.
* * * LOW HITPOINT WARNING * * *
You closely miss the gnoll.
You feel sick. The gnoll barely misses you.
The gnoll hits you but does no damage.
You hit the gnoll.
The gnoll is moderately wounded.
You feel sick. The gnoll hits you with a whip.
* * * LOW HITPOINT WARNING * * *
The gnoll hits you from afar with a halberd!
You die...

..........#................
....##....########..###....
....##....## #######....
..........# #....#.....
..........# #....#.....
........).# #....#.....
.........<# #...)'.....
.......g..# #....#.....
........g@# #....#.....
...(......# #....#....#
#####....## #..####..##
#....# #.. ...# ....... .[.
### ....... .... .......
.... .......


You could see 2 gnolls.

Vanquished Creatures
  A sky beast (D:5)
  A centaur (D:5)
  2 ogres
  A gnoll sergeant (D:6)
  A bullfrog zombie (D:5)
  A crimson imp (D:6)
  6 orc wizards
  2 centaur skeletons (D:4)
  3 orc priests
  A bullfrog skeleton (D:5)
  3 hounds
  5 worker ants
  Robin (D:4)
  A worker ant zombie (D:5)
  2 gnolls (D:6)
  10 adders
  An ooze (D:3)
  2 adder skeletons
  An adder zombie (D:5)
  A worm (D:1)
  A dart slug (D:2)
  3 leopard geckos
  23 orcs
  10 bats
  5 giant cockroaches
  18 goblins
  14 hobgoblins
  5 jackals
  3 quokkas
  4 ball pythons
  5 frilled lizards
  4 kobolds
  A leopard gecko skeleton (D:5)
  A quokka skeleton (D:4)
  11 rats
154 creatures vanquished.

Notes
Turn   | Place    | Note
-------+----------+-------------------------------------------
     0 | D:1      | galech the Ogre Berserker began the quest for the Orb.
     0 | D:1      | Reached XP level 1. HP: 24/24 MP: 1/1
   194 | D:1      | Reached XP level 2. HP: 11/32 MP: 2/2
   918 | D:1      | Reached ** piety under Trog
  1120 | D:2      | Reached XP level 3. HP: 21/40 MP: 3/3
  1683 | D:2      | Reached XP level 4. HP: 49/49 MP: 4/4
  1860 | D:2      | Found a radiant altar of Vehumet.
  2450 | D:3      | Reached skill level 5 in Fighting
  2450 | D:3      | Reached XP level 5. HP: 39/57 MP: 5/5
  2660 | D:3      | Reached *** piety under Trog
  2781 | D:3      | Found an opulent altar of Gozag.
  2782 | D:3      | Found a sparkling altar of Nemelex Xobeh.
  2823 | D:3      | Found a hazy altar of Hepliaklqana.
  3157 | D:3      | Reached skill level 1 in Stealth
  3449 | D:4      | Noticed Robin
  3480 | D:4      | HP: 3/85 [goblin/club[Robin] (6)]
  3772 | D:4      | Killed Robin
  3772 | D:4      | Reached XP level 6. HP: 63/66 MP: 6/6
  3870 | D:4      | Found a staircase to the Ecumenical Temple.
  3934 | D:4      | Received a gift from Trog
  4008 | D:4      | Reached skill level 6 in Fighting
  4009 | D:4      | Reached XP level 7. HP: 23/75 MP: 7/7
  4487 | D:4      | Reached skill level 5 in Maces & Flails
  5282 | D:5      | Entered Level 5 of the Dungeon
  5967 | D:5      | Reached XP level 8. HP: 55/84 MP: 8/8
  6155 | D:5      | Found a runed gate.
  6155 | D:5      | Found a runed gate.
  6155 | D:5      | Noticed EnegeticOcto's ghost (novice OpEn)
  6156 | D:5      | Found a runed gate.
  6267 | D:5      | Reached skill level 7 in Fighting
  6758 | D:6      | Found a stormy altar of Qazlal.
  6759 | D:6      | Found a blossoming altar of Fedhas.
  6762 | D:6      | Found a shattered altar of Ashenzari.
  6852 | D:6      | Reached skill level 5 in Dodging
  7130 | D:6      | Reached **** piety under Trog
  7134 | D:6      | Mangled by a gnoll

Vault maps used:
D:1:      tarquinn_simple_flora_water_a
D:2:      overflow_temple_1_default
D:3:      grunt_temple_overflow_opulence, marbit_many_paths
D:4:      minmay_temple_entry_mist, first_ration, uniq_robin
D:5:      gammafunk_ghost_split, roderic_nine_men_s_morris
D:6:      grunt_temple_overflow_open, nemelex_dance_club_becter, uniq_edmund

Skill      XL: |  1  2  3  4  5  6  7  8 |
---------------+-------------------------+-----
Dodging        | 3 4 5 |  5.2
Maces & Flails | 3 4 6 |  6.8
Fighting       | 5 6 7 |  7.4
Stealth        | 1 2 |  2.2

Action                   |  1- 3 |  4- 6 |  7- 9 || total
-------------------------+-------+-------+-------++-------
Melee: Mace              |   148 |    38 |       ||   186
       Whip              |       |   210 |   291 ||   501
Invok: Berserk           |     3 |     5 |     7 ||    15
       Trog's Hand       |       |     4 |       ||     4
 Stab: Sleeping          |       |     1 |     2 ||     3
  Eat: Chunk             |     4 |    14 |    13 ||    31
       Ration            |       |       |     1 ||     1
Armor: Animal skin       |    45 |    48 |    35 ||   128
       Robe              |       |       |    11 ||    11
Dodge: Dodged            |   103 |   127 |   134 ||   364

Table legend:
 A = Spawn XP
 B = Non-spawn XP
 C = Spawn XP percentage of total XP
 D = Spawn monster count
 E = Non-spawn monster count
 F = Spawn count percentage of total count
 G = Total turns spent on level
                    A         B        C        D         E        F      G
               +---------+---------+-------+---------+---------+-------+---------
         Total |       0 |    1881 |   0.0 |       0 |     154 |   0.0 |  7134
               +---------+---------+-------+---------+---------+-------+---------
           D:1 |       0 |      36 |   0.0 |       0 |      21 |   0.0 |  1384
           D:2 |       0 |      54 |   0.0 |       0 |      25 |   0.0 |   573
           D:3 |       0 |     202 |   0.0 |       0 |      36 |   0.0 |  1755
           D:4 |       0 |     565 |   0.0 |       0 |      33 |   0.0 |  1570
           D:5 |       0 |     582 |   0.0 |       0 |      23 |   0.0 |  1640
           D:6 |       0 |     442 |   0.0 |       0 |      16 |   0.0 |   212
               +---------+---------+-------+---------+---------+-------+---------
